[Event "31st Kavala Open-A 2022"]
[Site "Kavala"]
[Date "2022.07.26"]
[Round "1.12"]
[White "Tsarsitalidis, Konstantinos"]
[Black "Pijpers, Arthur"]
[Result "1/2-1/2"]
[ECO "B70"]
[WhiteElo "2059"]
[BlackElo "2458"]
[Annotator "TA"]
[PlyCount "102"]
[EventDate "2022.07.27"]
[EventType "swiss"]
[EventCountry "GRE"]
[SourceTitle "playchess.com"]
[Source "ChessBase"]
[SourceQuality "1"]
[TimeControl "40/5400+30:1800+30"]

1. e4 c5 2. Nf3 d6 3. d4 cxd4 4. Nxd4 Nf6 5. Nc3 g6 6. Bc4 Bg7 7. O-O O-O 8. Re1 $1 {[%emt 0:00:03] 8.Re1 is better than 8.Bb3.} Nc6 9. h3 Bd7 10. Nf3 {[%emt 0:00:06] B70: Sicilian Dragon: 6 g3 and 6 Be2 (without a later Be3).} Na5 11. Bf1 Rc8 12. Nd5 Re8 13. c3 Nxd5 14. exd5 Nc4 15. Re4 (15. Bxc4 $5 Rxc4 16. Bg5 $11) 15... b5 16. a4 a6 17. axb5 axb5 18. Bxc4 {[%emt 0:10:14] [#]} Rxc4 $146 (18... bxc4 $11 19. Qe2 Rc5) ({Predecessor:} 18... bxc4 19. Qe2 Rc5 20. Bg5 Rxd5 21. Bxe7 Qb8 22. Qxc4 Be6 23. Qc6 Rc8 24. Qa6 Qc7 {1-0 (59) Dijkhuis,T (2401)-Stewart,A (2176) Paleochora 2018}) 19. Rxc4 $14 bxc4 20. Ra7 Bf5 (20... Qc8 $11 {is more appropriate.}) 21. Nd4 $1 $16 e6 (21... Bd7 $16) 22. Be3 (22. dxe6 $18 {is the precise move to win.} Bxe6 23. Nxe6 fxe6 24. Qf3) 22... Be4 (22... Qb8 $16 {keeps fighting.}) 23. dxe6 $18 fxe6 24. Qa4 Bd5 25. Rd7 (25. Bg5 $18 Qc8 26. Nb5) 25... Qa8 {[%emt 0:03:56][%mdl 8192] [#]} (25... Qc8 $16) 26. Rxg7+ $1 Kxg7 27. Qd7+ Kf6 28. h4 {[%emt 0:01:00] Intending f3 and mate.} Bxg2 29. Bg5+ (29. Bh6 $142 Re7 30. Bg5+ Ke5 31. Qxe7) 29... Ke5 30. Qg7+ Ke4 31. Kxg2 (31. Nc2 $142 {White wants to mate with Qd4+.} e5 32. Qf7 (32. Qxh7 Bh3 $16)) 31... Kd3+ 32. Nf3 $2 (32. f3 $18 Rb8 33. Nxe6) 32... Qe4 33. Kg3 {[%emt 0:04:11] Prevents Qg4+.} h5 34. Qd7 (34. Nd2 $1 $14 Qe5+ 35. Qxe5 dxe5 36. Nf3) 34... Qg4+ $11 35. Kh2 {[%emt 0:00:00] Hoping for Ne5+. Dancing on a razor blade.} Ke2 36. Ne5 (36. Qxe8 $2 {is the wrong capture.} Kxf2 37. Be3+ Kxf3 38. Qf8+ Kxe3 $19) (36. Nd4+ Kf1 37. Qb7 d5) 36... Qe4 37. Qxd6 $16 {[%emt 0:00:25] Threatens to win with Kg3.} (37. Qxe8 {is a self mate.} Kf1 38. Kg3 Qg2+ 39. Kf4 Qh2+ 40. Ke4 Qxe5+ 41. Kf3 Qe2+ 42. Kg3 Qxf2+ 43. Kh3 Qg2#) 37... Qd5 $2 (37... Kf1 $16 38. Qd1+ Kxf2 39. Qd2+ Kf1) 38. Qxd5 $2 (38. Qc7 $18 {and the rest is easy.}) 38... exd5 39. f4 ({Reject} 39. Nxg6 $6 Kxf2 40. Nf4 Kf3 $11) 39... Re6 40. Kg3 Rb6 $2 {[%emt 0:00:55] [#]} (40... Re8 $16 {might work better.}) 41. Nf3 $2 (41. Nxg6 $1 $18 {[%mdl 512] And now f5 would win.} Rxg6 (41... d4 42. f5) 42. f5) 41... Rxb2 $11 {[%emt 0:10:37] The position is equal.} 42. Bf6 Ke3 43. f5 gxf5 {[%emt 0:01:25] ( -> ...f4+)} 44. Bd4+ Ke4 45. Ng5+ Kd3 46. Ne6 {[%emt 0:00:44] Strongly threatening Kf3.} Rd2 $1 47. Kf3 Kc2 48. Nf4 Rd3+ $1 49. Ke2 Rd2+ 50. Kf3 Rd3+ $1 51. Ke2 Rd2+ {[%emt 0:00:36] Weighted Error Value: White=0.54/Black=0.52} 1/2-1/2

[Event "31st Kavala Open-A 2022"]
[Site "Kavala"]
[Date "2022.07.26"]
[Round "1.13"]
[White "Can, Isik"]
[Black "Banov, Boil"]
[Result "1-0"]
[ECO "B07"]
[WhiteElo "2445"]
[BlackElo "2043"]
[Annotator "TA"]
[PlyCount "79"]
[EventDate "2022.07.27"]
[EventType "swiss"]
[EventCountry "GRE"]
[SourceTitle "playchess.com"]
[Source "ChessBase"]
[SourceQuality "1"]
[TimeControl "40/5400+30:1800+30"]

1. e4 g6 2. d4 Bg7 3. Nc3 d6 4. Be3 Nf6 5. Qd2 c6 6. Bh6 Bxh6 7. Qxh6 Qa5 8. Bd3 b5 {[%emt 0:00:30] B07: Pirc Defence: Miscellaneous Systems.} ({Black should try} 8... c5 $14 9. Nf3 Bg4 10. dxc5 Qxc5) 9. Nf3 $16 {[%emt 0:00:30] Black must now prevent 0-0.} b4 {[%emt 0:00:30] [#]} 10. Ne2 Nbd7 {[%emt 0:00:30] Against e5. White is better.} 11. O-O Ba6 12. Bxa6 Qxa6 {[%emt 0:00:30] [#]} 13. Ng3 O-O-O (13... Qb5 $16 14. b3 Qa5) 14. a3 $18 b3 15. cxb3 Kb8 {[%emt 0:00:30] [#]} 16. Rac1 $146 ({Predecessor:} 16. b4 Qb5 17. Qd2 h5 18. a4 Qb7 19. Ng5 Rhf8 20. Rfc1 Rc8 21. f3 Ne8 22. b5 cxb5 23. Rxc8+ Qxc8 24. axb5 {½-½ (39) Annetti,L (1857)-Le Corre,P (2014) Morbihan 2010}) 16... Rc8 17. e5 dxe5 18. dxe5 ({But not} 18. Nxe5 $6 Nxe5 19. dxe5 Nd5 $16) 18... Nd5 19. Rfd1 f5 20. exf6 N7xf6 21. b4 Rhd8 22. Ne5 Rd6 23. h3 Re6 24. Nd3 {[%emt 0:00:30] aiming for Nc5.} Qb6 25. Nc5 Re5 26. Qd2 Ka8 27. Qd4 Rg5 28. Re1 h6 29. Qh4 Nh5 30. Nxh5 gxh5 31. Re6 Rcg8 32. g3 Rf5 33. Qe4 {[%emt 0:00:30] White is clearly winning.} Rf6 34. Rxf6 exf6 35. Qe6 Rd8 36. Nd7 Qc7 {[%emt 0:00:30] [#]} 37. Qxd5 Rxd7 (37... Qxd7 38. Qxd7) 38. Qxc6+ Qxc6 39. Rxc6 Rf7 40. h4 {[%emt 0:00:30] White took control after the opening.  Weighted Error Value: White=0.06 (flawless) /Black=0.28 (precise)} 1-0

[Event "31st Kavala Open-A 2022"]
[Site "Kavala"]
[Date "2022.07.26"]
[Round "1.14"]
[White "Ruzhansky, Elias"]
[Black "Kilic, Eray"]
[Result "0-1"]
[ECO "B90"]
[WhiteElo "2026"]
[BlackElo "2422"]
[Annotator "TA"]
[PlyCount "70"]
[EventDate "2022.07.27"]
[EventType "swiss"]
[EventCountry "GRE"]
[SourceTitle "playchess.com"]
[Source "ChessBase"]
[SourceQuality "1"]
[TimeControl "40/5400+30:1800+30"]

1. e4 c5 2. Nf3 d6 3. d4 cxd4 4. Nxd4 Nf6 5. Nc3 a6 6. Be3 e5 7. Nf3 Qc7 8. a4 Be7 9. Be2 {[%emt 0:01:50] is cutting edge theory.} b6 10. O-O O-O 11. Qd3 {[%emt 0:04:03] is the legacy move (11.Nd2). B90: Sicilian Najdorf: Unusual White 6th moves, 6 Be3 Ng4 and 6 Be3 e5.} Nbd7 12. Nd2 Bb7 13. Nc4 {[%emt 0:13:05] White is slightly better.} Rad8 14. Bf3 Nc5 15. Bxc5 dxc5 {[%emt 0:00:26] [#]} 16. Nd5 $146 (16. Qe2 $11) ({Predecessor:} 16. Qe2 Rd4 17. a5 b5 18. Nb6 Re8 19. Ncd5 Bxd5 20. Nxd5 Nxd5 21. exd5 Bg5 22. Rfd1 {0-1 (30) Hartwig,S-Rittemann,S (2175) Germany 2010}) 16... Nxd5 (16... Bxd5 $5 17. exd5 b5 18. axb5 axb5 $15) 17. exd5 b5 18. axb5 axb5 19. d6 Bxd6 20. Bxb7 {[%emt 0:00:55][%cal Ob7e4] Black must now prevent Be4!} bxc4 21. Qe4 Kh8 22. Bd5 f5 23. Qxc4 e4 24. h3 {[%emt 0:00:45] [#]} (24. g3 $11 {was the only way to keep the balance.}) 24... Qe7 $1 $17 25. Ra3 Bb8 $36 {[%emt 0:07:42][%mdl 2048] ...Qe5 is the strong threat. Keeping White busy.} 26. g3 Qe5 27. Bf7 {[%emt 0:03:02][%mdl 8192] Now White is beyond hope.} (27. Bb7 $17) 27... f4 $19 28. Qe6 Qxb2 29. Ra4 Qxc2 30. Rc4 (30. Qb3 {was called for.} Qd2 31. Qa2) 30... Qe2 {[%emt 0:01:07] ( -> ...Rd1)} 31. Rxe4 Qf3 32. gxf4 {[%emt 0:13:57] [#]} Rxf7 33. Rfe1 Rff8 34. R1e3 Rd1+ 35. Kh2 Rh1# {[%emt 0:00:05] Weighted Error Value: White=0.52/Black=0.09 (flawless)} 0-1

[Event "31st Kavala Open-A 2022"]
[Site "Kavala"]
[Date "2022.07.26"]
[Round "1.15"]
[White "Zawadzka, Jolanta"]
[Black "Nikolaev, Georgi"]
[Result "1/2-1/2"]
[ECO "C54"]
[WhiteElo "2416"]
[BlackElo "2026"]
[Annotator "TA"]
[PlyCount "80"]
[EventDate "2022.07.27"]
[EventType "swiss"]
[EventCountry "GRE"]
[SourceTitle "playchess.com"]
[Source "ChessBase"]
[SourceQuality "1"]
[TimeControl "40/5400+30:1800+30"]

1. e4 e5 2. Nf3 Nc6 3. Bc4 Nf6 4. d3 Bc5 5. c3 d6 6. O-O O-O 7. Re1 a5 {[%emt 0:02:22] C54: Giuoco Piano: 4 c3 Nf6, main lines with 5 d4 and 5 d3.} 8. h3 h6 9. Nbd2 Be6 {[%emt 0:00:10] The position is equal.} 10. Bb5 Qb8 11. Bxc6 bxc6 12. d4 exd4 13. cxd4 Bb6 14. a4 Qa7 15. Nb1 d5 16. e5 Ne4 17. Nc3 c5 {[%emt 0:04:23][%cal Rc5d4] [#]} 18. Be3 $146 (18. Nxe4 {looks sharper.} dxe4 19. Rxe4 cxd4 20. Bxh6 gxh6 21. Qd2) ({Predecessor:} 18. Nxe4 dxe4 19. Nd2 Rfd8 20. Nxe4 c4 21. Qh5 Rxd4 22. Kh2 Rxe4 23. Rxe4 Bxf2 24. Bxh6 gxh6 25. Qxh6 {½-½ (39) Hall,M (2592)-Lyukmanov,V (2443) ICCF email 2020}) 18... cxd4 19. Nxd4 Bxd4 20. Bxd4 Nxc3 21. bxc3 c5 22. Be3 Rfd8 23. f4 d4 24. cxd4 cxd4 25. Bf2 Rab8 26. Ra3 Bf5 {[%emt 0:18:22] Against Rd3} 27. Qd2 (27. g4 $142 Qc5 28. Ra2) 27... Qc5 $17 28. Raa1 ({Better is} 28. Ra2 $19) 28... Qc3 (28... Rb4 $17 29. Rec1 Qd5) 29. Red1 $15 Qxd2 30. Rxd2 Rb4 31. g4 Be4 32. f5 Bc6 (32... Rc4 $17) 33. e6 fxe6 ({Don't play} 33... Bxa4 34. e7 Re8 35. f6 $16 (35. Rxd4 Bb5 $16)) 34. fxe6 Re8 35. Re1 Rxa4 36. e7 Kf7 37. Bh4 ({White should try} 37. Bxd4 $11 Rxe7 38. Rf2+ Ke8 39. Rxe7+ Kxe7 40. Bxg7) 37... d3 38. Rf1+ Kg8 39. Rxd3 {[%emt 0:01:03] [#] Hoping for Rd8.} g5 (39... Bb5 $2 40. Rd8 g5 41. Rxe8+ Bxe8 42. Rf8+ Kg7 43. Rxe8 $18) 40. Bg3 {[%emt 0:00:00] And now Rd8 would win.} Rxe7 {[%emt 0:00:00] Weighted Error Value: White=0.14 (very precise) /Black=0.11 (very precise)} 1/2-1/2

[Event "31st Kavala Open-A 2022"]
[Site "Kavala"]
[Date "2022.07.26"]
[Round "1.16"]
[White "Gkavardinas, Antonios"]
[Black "Kanakaris, Georgios"]
[Result "0-1"]
[ECO "B01"]
[WhiteElo "2010"]
[BlackElo "2389"]
[Annotator "TA"]
[PlyCount "116"]
[EventDate "2022.07.27"]
[EventType "swiss"]
[EventCountry "GRE"]
[SourceTitle "playchess.com"]
[Source "ChessBase"]
[SourceQuality "1"]
[TimeControl "40/5400+30:1800+30"]

1. e4 d5 2. exd5 Nf6 3. Nf3 Qxd5 4. Nc3 Qd8 5. Bc4 a6 6. a4 {[%emt 0:01:40] B01: Scandinavian Defence.} c5 7. O-O Nc6 8. h3 {[%emt 0:02:28] The position is equal.} e6 9. d3 Be7 10. Be3 {[%emt 0:03:50] [#]} O-O $146 ({Predecessor:} 10... Nd4 11. Ne4 b6 12. c3 Nf5 13. Qe2 O-O 14. Bf4 Bb7 15. Rfd1 Nd6 16. Nxd6 Bxd6 17. Bxd6 Qxd6 {1-0 (65) Rajapakse,R (2110)-Fonseka,C (1920) Colombo 2013}) 11. Qe2 Qc7 (11... Nd4 $5 12. Bxd4 cxd4 $11) 12. Ne4 Nxe4 (12... b6 {feels hotter.} 13. Bg5 Bb7 14. Rfd1 Nxe4 15. dxe4 Bxg5 16. Nxg5 Nd4) 13. dxe4 Na5 14. Nd2 Bd7 15. Bd3 Rab8 16. f4 Rfc8 17. c3 c4 18. Bc2 Bc5 19. Bxc5 Qxc5+ 20. Kh1 Rd8 21. e5 {[%emt 0:08:41][%cal Oc2h7] Hoping for Bxh7+!} Bc6 22. f5 exf5 23. Rxf5 g6 24. Rf4 (24. Rf6 $5 ) 24... Re8 25. Re1 b5 26. axb5 axb5 27. Rf6 Bd5 {[%emt 0:00:18] Prevents e6.} 28. Ne4 Bxe4 29. Qxe4 {[%emt 0:00:10] aiming for e6.} Rb6 {[%emt 0:00:27] Inhibits e6. And now ...Rxf6 would win.} 30. Qh4 Nb7 $2 {[%emt 0:26:36][%mdl 8192] [#]} (30... Rxf6 $11 31. exf6 Rxe1+ 32. Qxe1 Kf8) 31. b4 $2 (31. Rxf7 $1 $18 Kxf7 32. Qxh7+ Ke6 33. Bd1 Qxe5 34. Bg4+ Kf6 35. Rxe5 Kxe5 36. Qf7) 31... Qc7 $1 $11 32. Ref1 (32. Rxb6 $11 Qxb6 33. Bd1) 32... Rxf6 (32... Nd8 $15 {stays ahead.}) 33. exf6 $16 {[%emt 0:00:14] White wants to mate with Qh6.} Nd8 (33... h5 $2 {[#]} 34. Bxg6 $1 fxg6 35. f7+ Qxf7 36. Rxf7 Kxf7 37. Qf4+ Kg8 38. Qf6 $18) 34. Qg5 (34. Qh6 $16 Ne6 35. Bd1) 34... Qe5 $11 35. Qxe5 Rxe5 {[%emt 0:00:05][%mdl 4096] Endgame KRB-KRN} 36. Ra1 Kf8 37. Kh2 ({Much worse is} 37. Ra8 Ke8) 37... Ke8 38. Ra5 {[%emt 0:00:36][%cal Oa5b5] Black must now prevent Rxb5!} Nc6 39. Ra6 Kd7 {[%emt 0:00:20] Threatens to win with ...Re3.} 40. Bd1 Re3 41. Rb6 Rxc3 {[%emt 0:14:48] Strongly threatening ...Nd4.} 42. Bg4+ $2 ({Better is} 42. Rxb5 $15 Kd6 43. Bf3) 42... Kd6 $19 43. Bf3 $2 {[%emt 0:03:11] [#]} (43. Rb7 h5 44. Bc8 Nxb4 45. Rxf7) 43... Rxf3 $1 44. gxf3 {[%emt 0:00:02] KR-KN} c3 45. Rxb5 c2 46. Rc5 Nxb4 47. Rc3 Kd5 {[%emt 0:00:32] ...Kd4 is the strong threat.} 48. Kg3 Kd4 49. Rc7 Kd3 {[%emt 0:00:17] ( -> ...Nd5)} 50. Rd7+ Ke2 51. Re7+ Kd2 52. Rd7+ Nd3 {[%emt 0:00:27] Black mates.} 53. Rc7 c1=Q 54. Rxc1 Kxc1 55. f4 Kd2 56. Kg4 Ke3 57. f5 Ke4 58. fxg6 hxg6 {[%emt 0:00:08] Black used his chance.  Weighted Error Value: White=0.59/Black=0.08 (flawless)} 0-1

[Event "31st Kavala Open-A 2022"]
[Site "Kavala"]
[Date "2022.07.27"]
[Round "2.1"]
[White "Priyanka Nutakki"]
[Black "Gopal G.N."]
[Result "0-1"]
[ECO "B51"]
[WhiteElo "2308"]
[BlackElo "2593"]
[Annotator "TA"]
[PlyCount "102"]
[EventDate "2022.07.27"]
[EventType "swiss"]
[EventCountry "GRE"]
[SourceTitle "playchess.com"]
[Source "ChessBase"]
[SourceQuality "1"]
[TimeControl "40/5400+30:1800+30"]

1. e4 c5 2. Nf3 d6 3. Bb5+ Nd7 4. a4 Ngf6 5. Nc3 g6 6. a5 {[%emt 0:00:08] B51: Sicilian: Moscow Variation (3 Bb5+) without 3...Bd7.} Bg7 7. O-O O-O 8. Re1 {[%emt 0:00:05] The position is equal.} a6 9. Bf1 b5 10. axb6 $1 Bb7 11. d3 Qxb6 {[%emt 0:00:53] [#]} 12. Qd2 $146 (12. Nd2 $14) ({Predecessor:} 12. h3 a5 13. Nd2 Bc6 14. Nc4 Qc7 15. Bf4 a4 16. Ra2 Nh5 17. Bh2 Nb6 18. Na3 {0-1 (113) So,W (2778)-Martinez Alcantara,J (2598) Chess.com INT 2022}) 12... a5 13. Qg5 Bc6 14. Qh4 a4 15. Nd2 Rfb8 16. Nc4 Qd8 17. g3 Nb6 18. Nxb6 Rxb6 19. Bg2 Rb4 20. Na2 (20. Nd1 $11) 20... Rb7 $15 21. Nc3 Nd7 {[%emt 0:00:56][%cal Oa4a3] aiming for ...a3!} 22. Ra3 Rb4 23. Nd1 Rab8 24. c3 (24. Qg4 $11) 24... Rb3 $17 25. Rxb3 Rxb3 (25... axb3 26. f4 $15) 26. Bg5 Bf6 ({Black should try} 26... Ne5 $1 $19 27. Bxe7 Qb8) 27. Bxf6 exf6 28. Qf4 Ne5 29. Qe3 c4 30. dxc4 Nxc4 31. Qd4 Nxb2 32. Ne3 Kg7 33. Nc2 (33. h4 $17) 33... Qc7 $19 34. g4 h6 35. h4 Qb6 $2 ({Black should play} 35... Qa5 $19 36. Nb4 Bb7 37. Qxd6 Qe5 38. Qxe5 fxe5) 36. Qxd6 $2 {[%emt 0:00:37] White does not recover from this.} (36. g5 $1 $11 {and White is okay.} hxg5 37. hxg5 Qxd4 38. Nxd4 Rxc3 39. Nxc6) 36... Nc4 $1 ({And not} 36... Rxc3 37. e5 Rxc2 38. Qxf6+ Kg8 39. e6 Qxf2+ 40. Qxf2 Rxf2 41. Bxc6 fxe6 42. Rxe6 $11 (42. Kxf2 Nd3+ 43. Ke2 Nxe1 $15)) 37. Qd4 {[%emt 0:01:19] [#]} Rb2 $1 38. g5 (38. Qxb6 $142 Nxb6 39. Nb4) 38... hxg5 ({Inferior is} 38... Rxc2 39. Qxf6+ Kf8 40. e5 (40. gxh6 Bb5 $11) 40... Bxg2 41. e6 Qxf2+ 42. Qxf2 Rxf2 43. Kxf2 hxg5 44. Kxg2 gxh4 45. Re4 $11) 39. hxg5 $2 (39. Qxb6 Nxb6 40. Nb4) 39... Rxc2 {[%emt 0:01:45] Active counter play! Black is clearly winning.} 40. Qxf6+ Kg8 41. e5 {[%emt 0:03:58] [#] And now e6 would win.} Bd7 {[%emt 0:05:35] Inhibits e6.} 42. e6 Bxe6 {[%emt 0:01:04] Strongly threatening ...Rb2.} 43. Bd5 {[%emt 0:08:28][%cal Re1e6] [#]} Rxf2 $3 44. Qxf2 Bxd5 45. Qxb6 Nxb6 46. Re8+ Kg7 47. Rb8 Nc4 48. Rb4 a3 {[%emt 0:00:06] Threatens to win with ...a2.} 49. Ra4 Kf8 50. Ra7 Ke8 {[%emt 0:02:16] ...Kd8 is the strong threat.} 51. Kf2 Kd8 {[%emt 0:00:03] Weighted Error Value: White=0.63/Black=0.17 (very precise)} 0-1

[Event "31st Kavala Open-A 2022"]
[Site "Kavala"]
[Date "2022.07.27"]
[Round "2.2"]
[White "Kourkoulos-Arditis, Stamatis"]
[Black "Koutlas, Nikolaos"]
[Result "1-0"]
[ECO "D78"]
[WhiteElo "2535"]
[BlackElo "2314"]
[Annotator "TA"]
[PlyCount "89"]
[EventDate "2022.07.27"]
[EventType "swiss"]
[EventCountry "GRE"]
[SourceTitle "playchess.com"]
[Source "ChessBase"]
[SourceQuality "1"]
[TimeControl "40/5400+30:1800+30"]

1. d4 Nf6 2. c4 g6 3. Nf3 Bg7 4. g3 O-O 5. Bg2 c6 6. O-O d5 7. Ne5 Bf5 {[%emt 0:05:42] 7...Ng4 gains popularity.} 8. Nc3 Nbd7 {[%emt 0:05:23] D78: Fianchetto Grünfeld: 6 0-0 c6.} 9. Qb3 Qb6 10. Nxd7 {[%emt 0:09:22] [#]} Nxd7 $146 (10... Bxd7 $11 {keeps the balance.} 11. cxd5 cxd5) ({Predecessor:} 10... Bxd7 11. Qxb6 axb6 12. cxd5 cxd5 13. Bxd5 Nxd5 14. Nxd5 Be6 15. Nxb6 Ra6 16. d5 {½-½ (16) Bantescu,D (1872)-Oprea,C (1184) Calimanesti Caciulata 2019}) 11. cxd5 $16 {[%emt 0:00:15] Strongly threatening e4.} Bxd4 (11... e5 $16) 12. e4 $18 Bg4 {[%emt 0:00:11] [#]} 13. h3 $1 Qxb3 14. axb3 Bxc3 15. bxc3 Be2 {[%emt 0:00:04] [#]} 16. Re1 Bd3 17. Ba3 {[%emt 0:14:02] Black must now prevent dxc6.} c5 18. e5 {[%emt 0:10:45] And now e6 would win.} Rac8 19. Re3 Ba6 20. c4 e6 21. Bb2 Rfd8 22. d6 Nb8 23. f4 Rd7 24. Bf1 b6 25. Bc3 Rf8 26. b4 cxb4 27. Bxb4 Rc8 28. Rc3 Kg7 29. Rcc1 h6 (29... f6 {keeps fighting.} 30. Bd2 Kf7) 30. g4 Nc6 31. Bc3 ({But not} 31. Rxa6 $6 Nxb4 32. Ra4 Nd5 $16) 31... Bb7 32. Bd3 Ba8 33. Rc2 Kh8 34. Kh2 Rg8 (34... Kg8 $142 35. Rb2 Nb8) 35. Rf2 Kg7 (35... h5 {was necessary.} 36. Kg3 hxg4 37. hxg4 Kg7) 36. f5 Nd8 37. fxg6 fxg6 38. Rf6 Nf7 39. Rxg6+ Kf8 40. Rxe6 h5 41. Re7 Rxe7 42. dxe7+ Ke8 43. Rxa7 Bf3 44. Rc7 {[%emt 0:01:18] Threatening mate with Bb4.} Rg5 45. c5 {[%emt 0:00:18] White took control after the opening.  Weighted Error Value: White=0.06 (flawless) /Black=0.40} 1-0

[Event "31st Kavala Open-A 2022"]
[Site "Kavala"]
[Date "2022.07.27"]
[Round "2.3"]
[White "Yilmazyerli, Mert"]
[Black "Tsaknakis, Zisis"]
[Result "1-0"]
[ECO "B13"]
[WhiteElo "2520"]
[BlackElo "2266"]
[Annotator "TA"]
[PlyCount "71"]
[EventDate "2022.07.27"]
[EventType "swiss"]
[EventCountry "GRE"]
[SourceTitle "playchess.com"]
[Source "ChessBase"]
[SourceQuality "1"]
[TimeControl "40/5400+30:1800+30"]

1. e4 c6 2. d4 d5 3. exd5 cxd5 4. Bd3 Nc6 5. c3 Nf6 6. Bf4 Bg4 7. Qb3 Qd7 8. Nd2 e6 9. Ngf3 Bd6 10. Bxd6 Qxd6 11. O-O O-O 12. Rfe1 Bxf3 13. Nxf3 Qc7 {[%emt 0:00:08] outshines the older 13...Rab8. B13: Caro-Kann: Exchange Variation and Panov-Botvinnik Attack.} 14. a4 Rab8 {[%emt 0:00:54] [#]} 15. Qa3 $146 ({Predecessor:} 15. g3 a6 16. Qc2 Rfc8 17. Qe2 h6 18. Nd2 Na5 19. b4 Nc4 20. Bxc4 dxc4 {1-0 (75) Kamsky,G (2657)-Kaasen,T (2458) Chess.com INT 2022}) 15... Na5 {[%emt 0:13:40] The position is equal.} 16. Ne5 Rfc8 17. Re3 Nc4 18. Bxc4 dxc4 19. Rf3 a5 20. Qa2 (20. b3 {keeps more tension.} cxb3 21. c4 Ne4 22. Rxf7 Qd6 23. Qb2) 20... b5 21. axb5 Rxb5 22. h3 h6 23. Re1 Rb3 24. Re2 Qb6 25. Qa1 Qb5 (25... Qd8 $11 {remains equal.}) 26. Qc1 $1 $16 {[%emt 0:00:59][%cal Of3f6] Hoping for Rxf6!} Kf8 27. Qf4 Ke7 $2 {[%emt 0:00:30][%mdl 8192] Loses the game.} (27... Qb7 $16) 28. d5 Qxd5 29. Rd2 {[%emt 0:00:30] Prevents Qd1+.} Qb5 30. Qd4 (30. Qg3 $142) 30... Qd5 $18 {[%emt 0:00:30] [#] Threatens to win with ...Qxd4.} (30... Kf8 $2 31. Rxf6 $1 gxf6 32. Nd7+ Kg8 33. Nxf6+ Kf8 34. Ne4 $18) 31. Qa7+ Rb7 32. Qa6 $36 {[%emt 0:16:58][%mdl 2048] White is in control. White is more active.} Qb5 {[%emt 0:02:52] [#]} (32... Qxe5 33. Qxb7+ Qc7) 33. Rd7+ $3 {[%emt 0:02:22][%mdl 576] Skewer} Nxd7 (33... Qxd7 34. Nxd7) 34. Rxf7+ {[%emt 0:00:06] White mates.} Kd8 {[%emt 0:01:24] [#]} 35. Qd6 $1 Qxe5 (35... h5 36. Rf8#) 36. Rf8# {[%emt 0:00:35] Weighted Error Value: White=0.18 (very precise) /Black=0.65} 1-0

[Event "31st Kavala Open-A 2022"]
[Site "Kavala"]
[Date "2022.07.27"]
[Round "2.4"]
[White "Charkhalashvili, Inga"]
[Black "Halkias, Stelios"]
[Result "0-1"]
[ECO "A26"]
[WhiteElo "2276"]
[BlackElo "2512"]
[Annotator "TA"]
[PlyCount "78"]
[EventDate "2022.07.27"]
[EventType "swiss"]
[EventCountry "GRE"]
[SourceTitle "playchess.com"]
[Source "ChessBase"]
[SourceQuality "1"]
[TimeControl "40/5400+30:1800+30"]

1. Nf3 Nf6 2. c4 g6 3. g3 Bg7 4. Bg2 O-O 5. Nc3 d6 6. O-O e5 7. d3 h6 8. e4 Nc6 9. h3 {[%emt 0:01:04] A26: English Opening vs King's Indian with ...Nc6 and d3.} Nd7 10. Be3 Nc5 {[%emt 0:16:32] [#]} (10... Nd4 $11) 11. Rb1 $146 (11. d4 $14 exd4 12. Nxd4) ({Predecessor:} 11. Qd2 Kh7 12. d4 exd4 13. Nxd4 Ne5 14. Qe2 Ne6 15. Rad1 Nxd4 16. Bxd4 Be6 17. b3 {1-0 (37) Tosic,M (2517)-Ozolin,M (2321) Moscow 1999}) 11... Ne6 12. b4 Bd7 13. Nd5 Ncd4 14. Nxd4 Nxd4 15. Bxd4 exd4 16. Nf4 a6 17. a4 b5 18. axb5 axb5 19. Qb3 Be5 $1 20. Ne2 Ra7 (20... Qe7 $5 ) 21. f4 Bg7 22. Rbc1 bxc4 23. dxc4 (23. Qxc4 $15 Be6 24. Qc6) 23... Qa8 $17 24. e5 Ra3 25. Qd1 Qc8 {[%emt 0:03:46] aiming for ...c5. Black is more active.} 26. Qxd4 Bxh3 27. Nc3 (27. Rc3 $17 Ra4 28. Bxh3 Qxh3 29. c5) 27... Re8 28. Qf2 Bxg2 29. Kxg2 Qb7+ 30. Kh3 Qc8+ $2 ({Wrong is} 30... dxe5 $2 31. f5) (30... Rb3 $19 31. Kh2 Rxb4) 31. Kh2 $2 (31. Kg2 $1 $11 {and White has nothing to worry.}) 31... Qf5 $2 (31... Qd7 $19 32. Nd5 c6 33. Nf6+ Bxf6 34. exf6 Qf5) 32. Nb5 $1 $11 Rd3 33. Nxc7 Rd8 34. Nd5 {[%emt 0:00:44] [#] Ne7+ is the strong threat.} (34. Qe2 $5 dxe5 35. Nd5 R8xd5 36. cxd5 $11) 34... Kh8 ({Black should try} 34... Qh5+ $11 35. Kg2 (35. Kg1 dxe5 36. Kg2 R8xd5 $17) 35... dxe5) 35. Qe2 $14 {[%emt 0:00:53] Hoping for g4.} Ra3 $1 36. exd6 ({Better is} 36. Ne7 $14 Qe6 37. Nc6) 36... Rxd6 $11 {[%emt 0:00:13] White must now prevent ...Re6.} 37. Rcd1 $2 {[%emt 0:00:52][%mdl 8192] [#]} (37. g4 $11 Qc8 38. Qg2) 37... Re6 {[%emt 0:00:17] Black mates.} 38. Qg2 Qh5+ 39. Kg1 Re2 {[%emt 0:00:10] Weighted Error Value: White=0.52/Black=0.27 (precise)} (39... Qg4 $142 40. Nc3 Rxc3 41. Kh2 Ree3 42. Kh1 Rxg3 43. Qh2 Rh3 44. Rd8+ Kh7 45. Rd2 Rcg3 46. Rdf2 Bd4 47. f5 Rxh2+ 48. Rxh2 Rg1+ 49. Rxg1 Qxg1#) 0-1